 Dungeon Crawl Stone Soup version 0.28.0-53-g5a82cb258f (webtiles) character file.

Game seed: 830198939551072500

122 jamesp the Conjurer (level 4, -1/33 HPs)
             Began as a Draconian Conjurer on Aug 2, 2022.
             Succumbed to Crazy Yiuf's poison
             ... on level 2 of the Dungeon.
             The game lasted 00:08:50 (3640 turns).

jamesp the Conjurer (Draconian Conjurer)            Turns: 3640, Time: 00:08:51

Health: -1/33      AC:  6    Str: 10    XL:     4   Next: 78%
Magic:  3/8        EV: 17    Int: 18    God:
Gold:   110        SH:  0    Dex: 11    Spells: 6/9 levels left

rFire   + . .      SeeInvis .   d - staff of air
rCold   . . .      Faith    .   (no shield)
rNeg    . . .      Spirit   .   (armour unavailable)
rPois   .          Reflect  .   (helmet restricted)
rElec   +          Harm     .   (no cloak)
rCorr   .          Rampage  .   (no gloves)
Will    .....                   t - +0 pair of boots
Stlth   ++........              (no amulet)
HPRegen 0.11/turn               n - ring of protection from fire
MPRegen 0.11/turn               (no ring)

@: agile, lethally poisoned (-1 -> -11)
A: AC +5, unfitting armour, cold-blooded
a: no special abilities


You were on level 2 of the Dungeon.
You visited 1 branch of the dungeon, and saw 3 of its levels.

You collected 110 gold pieces.

Inventory:

Hand Weapons
 g - a +1 dagger of holy wrath
Missiles
 a - 147 stones
 f - 11 bolts
 h - 39 arrows
 k - 11 boomerangs
Armour
 t - a +0 pair of boots (worn)
Magical Staves
 b - a staff of poison
 d - a staff of air (weapon)
Jewellery
 n - a ring of protection from fire (left hand)
Wands
 s - a wand of iceblast (5)
Scrolls
 c - a scroll of magic mapping {unknown}
 j - 4 scrolls of identify {unknown}
 l - a scroll of amnesia {unknown}
 p - a scroll of enchant armour {unknown}
 q - a scroll of noise {unknown}
 r - a scroll of teleportation {unknown}
Potions
 e - a potion of brilliance
 i - a potion of curing {unknown}
 m - a potion of lignification {unknown}
 o - a potion of berserk rage {unknown}


   Skills:
 - Level 3.0 Dodging
 - Level 1.7 Stealth
 + Level 3.1 Spellcasting
 + Level 4.8 Conjurations


You had 6 spell levels left.
You knew the following spells:

 Your Spells              Type           Power      Damage    Failure   Level
a - Magic Dart            Conj           80%        1d7       2%          1
b - Searing Ray           Conj           40%        2d5       3%          2

Your spell library contained the following spells:

 Spells                   Type           Power      Damage    Failure   Level
 Dazzling Flash           Conj/Hex       22%        N/A       19%         3
 Mephitic Cloud           Conj/Pois/Air  12%        N/A       26%         3
 Call Canine Familiar     Summ           2%         N/A       43%         3
 Ignite Poison            Fire/Tmut/Pois 2%         N/A       43%         3
 Ozocubu's Armour         Ice            2%         N/A       43%         3
 Portal Projectile        Hex/Tloc       4%         N/A       43%         3
 Fulminant Prism          Conj/Hex       5%         3d7       52%         4
 Iskenderun's Mystic Bla  Conj/Tloc      11%        2d4       52%         4
 Leda's Liquefaction      Hex/Erth       1%         N/A       85%         4
 Freezing Cloud           Conj/Ice/Air   6%         6-21      93%         5
 Alistair's Intoxication  Tmut/Pois      1%         N/A       99%         5
 Borgnjor's Vile Clutch   Necr/Erth      1%         N/A       99%         5
 Eringya's Noxious Bog    Tmut/Pois      1%         N/A       100%        6
 Ozocubu's Refrigeration  Ice            1%         4d5       100%        7


Dungeon Overview and Level Annotations

Branches:
Dungeon (3/15)

Altars:


Innate Abilities, Weirdness & Mutations

Your plain brown scales are hard. (AC +5)
You cannot fit into any form of body armour.
You are cold-blooded and may be slowed by cold attacks.


Message History

You feel agile all of a sudden.
The searing ray hits Crazy Yiuf.
Crazy Yiuf is heavily wounded.
Crazy Yiuf closely misses you.
The searing ray hits Crazy Yiuf.
Crazy Yiuf is severely wounded.
You finish channelling your searing ray.
Crazy Yiuf laughs, "Leather!"
Crazy Yiuf closely misses you.
You barely miss Crazy Yiuf.
Crazy Yiuf is severely wounded.
Crazy Yiuf completely misses you.
You barely miss Crazy Yiuf.
Crazy Yiuf is severely wounded.
Crazy Yiuf misses you.
You hit Crazy Yiuf. You tail-slap Crazy Yiuf.
Crazy Yiuf is almost dead.
Crazy Yiuf closely misses you.
You hit Crazy Yiuf but do no damage.
Your tail-slap misses Crazy Yiuf.
Crazy Yiuf is almost dead.
Crazy Yiuf hits you with a +4 quarterstaff of chaos!
You hit Crazy Yiuf but do no damage.
Your tail-slap misses Crazy Yiuf.
Crazy Yiuf is almost dead.
Crazy Yiuf closely misses you.
Crazy Yiuf laughs, "Mugger mobile poople!"
Crazy Yiuf hits you with a +4 quarterstaff of chaos.
You are lethally poisoned!
You barely miss Crazy Yiuf.
Your tail-slap misses Crazy Yiuf.
Crazy Yiuf is almost dead.
* * * LOW HITPOINT WARNING * * *
You feel very sick.
Crazy Yiuf hits you with a +4 quarterstaff of chaos!
* * * LOW HITPOINT WARNING * * *
Casting: Searing Ray (safe; 3% risk of failure)
Confirm with . or Enter, or press ? or * to list all spells.
Aiming: Magic Dart (safe; 2% risk of failure)
Press: ? - help, Shift-Dir - straight line The magic dart hits Crazy Yiuf.
You kill Crazy Yiuf!
You die...

##...## #.##.....# #.#
#.###.####.###...#####.# #.#
#......# ##........#
#.###.###### ########## ##...##
##### ### ♣♣#### #)..#♣♣
♣♣..+.## #...)@♣♣♣♣......#
#...#♣..♣.......###### ###
♣♣♣.♣...+......#≈
♣♣♣♣♣#######.≈≈ ######### #≈≈≈
#.......#####################≈≈≈
#.###......................#♣≈≈P
#.# #.##.####........##.##.#♣≈≈≈
#.###.##.# #..##...###)##.#P≈≈≈


There were no monsters in sight!

Vanquished Creatures
  A water moccasin skeleton (D:3)
  Crazy Yiuf (D:2)
  An adder (D:2)
  An ufetubus (D:3)
  An orc (D:3)
  3 ball pythons
  4 bats
  7 endoplasms
  A giant cockroach (D:2)
  A goblin (D:2)
  12 hobgoblins
  6 kobolds
  A quokka (D:2)
  8 frilled lizards
  4 rats
52 creatures vanquished.

Vanquished Creatures (others)
  3 plants (D:2)
3 creatures vanquished.

Grand Total: 55 creatures vanquished

Notes
Turn   | Place    | Note
-------+----------+-------------------------------------------
     0 | D:1      | jamesp the Draconian Conjurer began the quest for the Orb.
     0 | D:1      | Reached XP level 1. HP: 14/14 MP: 3/3
   335 | D:1      | Reached XP level 2. HP: 20/20 MP: 1/5
   404 | D:1      | Found a faded altar of an unknown god.
  1279 | D:2      | Reached XP level 3. HP: 26/26 MP: 6/6
  1795 | D:2      | Found a runed translucent door.
  2081 | D:2      | Identified the +2 leather armour "Unuatt" {Harm}
  2204 | D:2      | Noticed Crazy Yiuf
  3092 | D:3      | Reached XP level 4. HP: 33/33 MP: 2/8
  3117 | D:3      | HP: 1/33 [water moccasin skeleton (4)]
  3413 | D:3      | Learned a level 2 spell: Searing Ray
  3639 | D:2      | HP: 1/33 [Crazy Yiuf/+4 quarterstaff of chaos (7)]
  3640 | D:2      | Killed Crazy Yiuf
  3640 | D:2      | Succumbed to Crazy Yiuf's poison

Illustrated notes

Levels and vault maps discovered:
D:1:      erik_arrival_orb_chamber, layout_basic,
          hellmonk_ecumenical_altar_crossroads, minmay_misc_feat_diagonals
D:2:      layout_loops_corners, serial_bayou_ford_a, uniq_crazy_yiuf_cottage
D:3:      layout_rooms, nrook_loot_triangle

Skill      XL: |  1  2  3  4 |
---------------+-------------+-----
Dodging        | 2 3 |  3.0
Spellcasting   | 3 |  3.1
Stealth        | |  1.7
Conjurations   | |  4.8

Action                   |  1- 3 |  4- 6 || total
-------------------------+-------+-------++-------
Melee: Dagger            |     6 |       ||     6
       Tailslap          |    14 |     1 ||    15
       Staff             |   105 |    21 ||   126
       Unarmed           |     1 |       ||     1
       Punch             |       |     1 ||     1
 Cast: Magic Dart        |    68 |     6 ||    74
       Searing Ray       |       |     1 ||     1
  Use: Potion            |       |     1 ||     1
 Stab: Sleeping          |     1 |       ||     1
       Distracted        |     1 |       ||     1
Armor: Skin              |    40 |     3 ||    43
Dodge: Dodged            |    85 |    16 ||   101
